AoeStats
← K

Arena

510353632Analyzed
4v4 RM · 2d ago on Sep 30, 2026· 46m 17s· 8 players
Game mode
Random Map
Map size
Large (8 player)
Population
200
Speed
Normal
Resources
Standard
Victory
Conquest
Starting age
Dark Age
Ending age
Imperial Age
RankedLock teamsTeams togetherTeam positionsShared explorationLock speedFull tech treeHidden civsTurbo modeCheats
Victory
Defeat
🇹🇼 Italians · Taiwan
1159
+15
🇹🇼 Goths · Taiwan
1135
+16
🇬🇧 Huns · United Kingdom
1125
+17
🇨🇳 Jurchens · China
1121
+17
🇭🇰 Khmer · Hong Kong SAR China
1198
-19
🇨🇳 Goths · China
1183
-18
🇦🇷 Bohemians · Argentina
1088
-14
🇷🇺 Britons · Russia
1083
-14
PERCENT5175
10:22 Feudal Age
12:04 Double-Bit Axe
14:21 Castle Age
13:35 Stone Mining
13:51 Horse Collar
15:04 Town Watch
16:50 Loom
21:47 Gold Mining
23:11 Stone Shaft Mining
24:28 Heavy Plow
29:38 Imperial Age
28:00 Scale Mail Armor
29:40 Chain Mail Armor
31:09 Wheelbarrow
30:59 Forging
31:34 Conscription
31:30 Squires
31:35 Pikeman
傳奇商店
12:02 Feudal Age
16:31 Castle Age
15:33 Double-Bit Axe
15:31 Horse Collar
21:33 Imperial Age
19:57 Bow Saw
20:31 Fletching
20:42 Padded Archer Armor
20:52 Gold Mining
23:11 Bodkin Arrow
26:22 Bracer
28:35 Conscription
28:31 Leather Archer Armor
30:11 Loom
31:01 Wheelbarrow
31:24 Heavy Plow
33:13 Fortified Wall
34:04 Chemistry
34:09 Stone Mining
35:11 Elite Genoese Crossbowman
38:25 Ring Archer Armor
40:56 Two-Man Saw
YuangXue
10:58 Feudal Age
11:28 Double-Bit Axe
14:42 Castle Age
13:31 Horse Collar
15:56 Bow Saw
21:28 Wheelbarrow
22:04 Scale Barding Armor
23:03 Gold Mining
23:28 Forging
23:57 Hand Cart
25:07 Gold Shaft Mining
25:20 Chain Barding Armor
26:35 Bloodlines
26:26 Husbandry
29:05 Iron Casting
32:46 Imperial Age
30:14 Stone Mining
32:39 Fortified Bastions
33:08 Elite Iron Pagoda
34:31 Stone Shaft Mining
33:49 Heavy Rocket Cart
34:41 Elite Fire Lancer
35:56 Scale Mail Armor
36:56 Blast Furnace
37:09 Two-Man Saw
37:00 Loom
38:09 Siege Engineers
37:45 Treadmill Crane
39:06 Chemistry
38:26 Ballistics
37:52 Arrowslits
38:17 Squires
38:02 Gambesons
38:03 Arson
37:39 Pikeman
39:43 Thunderclap Bombs
42:24 Chain Mail Armor
K
10:29 Feudal Age
15:07 Castle Age
12:56 Double-Bit Axe
13:34 Horse Collar
16:38 Bow Saw
20:14 Gold Mining
20:15 Stone Mining
20:48 Heavy Plow
22:35 Gold Shaft Mining
24:43 Wheelbarrow
28:37 Imperial Age
25:53 Loom
25:54 Town Watch
27:13 Husbandry
27:24 Bloodlines
27:33 Hand Cart
27:31 Forging
27:27 Scale Barding Armor
28:49 Marauders
29:30 Iron Casting
29:59 Conscription
30:00 Atheism
29:02 Elite Tarkan
31:13 Blast Furnace
32:59 Chain Barding Armor
39:41 Town Patrol
39:05 Pikeman
39:45 Squires
39:31 Arson
40:29 Plate Barding Armor
虫
11:15 Feudal Age
14:56 Castle Age
12:47 Double-Bit Axe
13:58 Horse Collar
15:54 Bow Saw
15:46 Heavy Plow
23:45 Gold Mining
23:45 Stone Mining
24:32 Wheelbarrow
25:12 Gold Shaft Mining
28:42 Imperial Age
25:59 Loom
26:44 Husbandry
26:54 Bloodlines
28:42 Hand Cart
28:33 Scale Barding Armor
28:39 Forging
29:37 Chain Barding Armor
30:12 Iron Casting
30:08 Crop Rotation
29:55 Town Watch
29:36 Elite Battle Elephant
30:59 Plate Barding Armor
31:58 Blast Furnace
32:45 Conscription
32:26 Tusk Swords
33:26 Capped Ram
35:42 Siege Ram
36:38 Double Crossbow
37:33 Fortified Wall
37:29 Siege Engineers
37:45 Ballistics
38:26 Chemistry
37:22 Murder Holes
37:18 Heated Shot
37:39 Masonry
37:21 Heavy Scorpion
40:24 Town Patrol
42:09 Padded Archer Armor
41:59 Fletching
月が綺麗
10:05 Feudal Age
14:06 Castle Age
13:00 Double-Bit Axe
12:56 Horse Collar
20:29 Wheelbarrow
22:15 Bow Saw
23:05 Stone Mining
23:45 Heavy Plow
25:14 Stone Shaft Mining
25:36 Squires
25:41 Scale Mail Armor
25:52 Forging
25:40 Gold Mining
25:46 Loom
26:42 Anarchy
28:50 Pikeman
29:24 Town Watch
33:20 Imperial Age
31:34 Chain Mail Armor
31:54 Iron Casting
33:27 Halberdier
36:09 Blast Furnace
nehuen251
10:35 Feudal Age
11:01 Loom
14:32 Castle Age
15:21 Wheelbarrow
15:17 Double-Bit Axe
17:03 Fervor
22:08 Bow Saw
25:59 Imperial Age
23:28 Fletching
23:38 Padded Archer Armor
23:36 Horse Collar
24:26 Crossbowman
25:19 Bodkin Arrow
26:14 Arbalester
28:04 Padded Archer Armor
27:48 Elite Skirmisher
32:27 Chemistry
37:21 Bracer
SANCHES
9:46 Feudal Age
11:15 Loom
14:10 Castle Age
13:16 Stone Mining
17:11 Squires
17:49 Double-Bit Axe
18:54 Town Watch
19:36 Bow Saw
20:27 Pikeman
21:04 Gambesons
21:23 Horse Collar
21:56 Gold Mining
23:49 Wheelbarrow
23:32 Fletching
24:29 Forging
26:48 Heavy Plow
28:43 Scale Mail Armor
31:29 Hand Cart
31:31 Heavy Plow
32:16 Yeomen
38:00 Imperial Age
37:13 Gold Shaft Mining
36:47 Murder Holes
37:14 Ballistics
36:58 Padded Archer Armor
39:28 Elite Longbowman
40:59 Halberdier
41:24 Arson
42:12 Warwolf
43:10 Iron Casting
42:52 Leather Archer Armor
43:03 Gambesons
44:22 Town Patrol
Connection lost

Rejoining the realm…

Still unreachable

The connection could not be restored.

Session expired

The server has moved on; the page needs a fresh start.